 Dungeon Crawl Stone Soup version 0.29-a0-925-g0a7a3d12f8 (webtiles) character file.

Game seed: 16054067329350188650

333 leavemydog the Chopper (level 6, -2/53 HPs)
             Began as a Hill Orc Fighter on July 28, 2022.
             Was an Initiate of Okawaru.
             Slain by an ogre
             ... wielding a +0 giant club
              (24 damage)
             ... on level 4 of the Dungeon.
             The game lasted 00:06:01 (3951 turns).

leavemydog the Chopper (Hill Orc Fighter)           Turns: 3951, Time: 00:06:01

Health: -2/53      AC: 11    Str: 19    XL:     6   Next: 53%
Magic:  6/6        EV:  9    Int: 10    God:    Okawaru [......]
Gold:   185        SH:  4    Dex: 10    Spells: 5/5 levels left

rFire   . . .      SeeInvis .   a - +0 war axe
rCold   . . .      Faith    .   c - +0 buckler
rNeg    . . .      Spirit   .   b - +0 scale mail
rPois   .          Reflect  .   q - +0 helmet
rElec   .          Harm     .   l - +1 cloak
rCorr   .          Rampage  .   i - +0 pair of gloves
Will    .....                   (no boots)
Stlth   ..........              (no amulet)
HPRegen 0.17/turn               h - ring of flight
MPRegen 0.10/turn               (no ring)

@: flying
A: no striking features
a: Renounce Religion


You were on level 4 of the Dungeon.
You worshipped Okawaru.
Okawaru was noncommittal.
You visited 2 branches of the dungeon, and saw 5 of its levels.

You collected 185 gold pieces.

Inventory:

Hand Weapons
 a - a +0 war axe (weapon)
Armour
 b - a +0 scale mail (worn)
 c - a +0 buckler (worn)
 i - a +0 pair of gloves (worn)
 l - a +1 cloak (worn)
 q - a +0 helmet (worn)
Jewellery
 h - a ring of flight (left hand)
Scrolls
 e - a scroll of fog {unknown}
 g - a scroll of enchant weapon {unknown}
 j - 2 scrolls of identify {unknown}
 m - a scroll of amnesia {unknown}
Potions
 d - a potion of resistance {unknown}
 f - a potion of mutation {unknown}
 k - a potion of attraction {unknown}
 n - a potion of invisibility {unknown}
 o - a potion of haste {unknown}
 p - a potion of curing {unknown}
 r - a potion of might


   Skills:
 + Level 4.7 Fighting
 + Level 6.1 Axes
 + Level 4.9 Armour
 + Level 4.2 Shields


You had 5 spell levels left.
You didn't know any spells.
Your spell library contained the following spells:

 Spells                   Type           Power      Damage    Failure   Level
 Sandblast                Erth           0%         2d4       80%         1
 Passwall                 Tmut/Erth      0%         N/A       91%         2
 Stone Arrow              Conj/Erth      0%         3d7       99%         3
 Passage of Golubria      Tloc           0%         N/A       100%        4
 Yara's Violent Unravell  Hex/Tmut       0%         3d3       100%        5
 Tukima's Dance           Hex            Unusable   N/A       N/A         3

Dungeon Overview and Level Annotations

Branches:
Dungeon (4/15)             Temple (1/1) D:4

Altars:
Ashenzari
Cheibriados
Dithmenos
Elyvilon
Fedhas
Hepliaklqana
Kikubaaqudgha
Makhleb
Nemelex Xobeh
Okawaru
Qazlal
Ru
Vehumet
Wu Jian
Xom
Yredelemnul
Zin

Shops:
D:2 (   D:3 *?*=[   D:4 (


Message History

No target in view!
No target in view!
You now have 185 gold pieces (gained 10).
A goblin comes into view. It is wielding a +0 dagger.
Found a stone staircase leading down.
The goblin shouts!
A goblin is nearby!
You hit the goblin but do no damage. You block the goblin's attack.
You slash the goblin!
You kill the goblin!
Okawaru accepts your kill.
No target in view!
No target in view!
Things that are here:
a +0 dagger; a goblin corpse An ogre comes into view.
It is wielding a +0 giant club.
The ogre shouts!
An ogre is nearby!
You see here a scroll labelled GOASYAFOMO.
The ogre barely misses you.
You slash the ogre!
The ogre is moderately wounded.
The ogre closely misses you.
You barely miss the ogre.
The ogre is moderately wounded.
The ogre closely misses you.
You hit the ogre.
The ogre is heavily wounded.
You barely miss the ogre.
The ogre is heavily wounded.
The ogre hits you with a +0 giant club!!
Ouch! That really hurt!
You are too injured to fight recklessly!
You are too injured to fight recklessly!
You are too injured to fight recklessly!
You are too injured to fight recklessly!
You slash the ogre!
The ogre is almost dead.
The ogre hits you with a +0 giant club!!
You die...

##.## #......# #.# #.# ######.#
#.# #.# ##.# #.# #.# #... #.#
#.# #... #.# #.# ###...
#.######## #.# .......
#........#.#####!######........
########.#...O@?...............
#.##########.#..........
#.............# ).....>#
############### .


You could see an ogre.

Vanquished Creatures
  Crazy Yiuf (D:2)
  A hound (D:4)
  Terence (D:2)
  An iguana (Temple)
  Robin (D:4)
  4 gnolls (D:4)
  7 adders
  A worm (D:3)
  2 dart slugs
  9 orcs
  8 bats
  7 endoplasms
  5 giant cockroaches
  18 goblins
  5 hobgoblins
  5 quokkas
  8 ball pythons
  4 frilled lizards
  3 kobolds
  9 rats
100 creatures vanquished.

Notes
Turn   | Place    | Note
-------+----------+-------------------------------------------
     0 | D:1      | leavemydog the Hill Orc Fighter began the quest for the
                  | Orb.
     0 | D:1      | Reached XP level 1. HP: 19/19 MP: 1/1
   224 | D:1      | Reached XP level 2. HP: 15/27 MP: 2/2
   505 | D:1      | Found a faded altar of an unknown god.
   729 | D:1      | Reached skill level 3 in Axes
   868 | D:1      | Reached XP level 3. HP: 33/33 MP: 3/3
  1416 | D:2      | Noticed Terence
  1418 | D:2      | Found Uwazelu's Weapon Boutique.
  1424 | D:2      | Killed Terence
  1425 | D:2      | Reached skill level 4 in Axes
  1425 | D:2      | Reached XP level 4. HP: 34/40 MP: 4/4
  1594 | D:2      | Identified the +6 rapier of Siq Fuby {vorpal, rC+++ rN+
                  | MP+9 Int-4}
  1897 | D:2      | Found a runed translucent door.
  1898 | D:2      | Noticed Crazy Yiuf
  2109 | D:2      | Killed Crazy Yiuf
  2110 | D:2      | Reached XP level 5. HP: 37/46 MP: 5/5
  2263 | D:3      | Found Sarchube's General Store.
  2296 | D:3      | Found Qiroticam's Magic Scroll Shoppe.
  2310 | D:3      | Found Guokejo's Assorted Antiques.
  2389 | D:3      | Found Ustec's Jewellery Shop.
  2399 | D:3      | Reached skill level 5 in Axes
  2599 | D:3      | Found Erut's Armour Shop.
  3207 | D:4      | Reached XP level 6. HP: 53/53 MP: 6/6
  3218 | D:4      | Found an ornate altar of the Wu Jian Council.
  3296 | D:4      | Found Piygguwu's Antique Weapon Boutique.
  3360 | D:4      | Found a staircase to the Ecumenical Temple.
  3369 | Temple   | Entered the Ecumenical Temple
  3543 | Temple   | Became a worshipper of Warmaster Okawaru
  3566 | D:4      | Noticed Robin
  3585 | D:4      | Killed Robin
  3586 | D:4      | Reached skill level 6 in Axes
  3951 | D:4      | Slain by an ogre

Illustrated notes

Levels and vault maps discovered:
D:1:      minmay_arrival_four_circles, layout_rooms,
          ebering_ecumenical_altar_box, corexii_leaking_fountain,
          minmay_misc_feat_iff, st_stairs_7, hex_medium
D:2:      layout_basic, serial_shops, nicolae_square_shop,
          uniq_crazy_yiuf_cottage, uniq_terence
D:3:      layout_loops_corners, serial_shops, nicolae_shop_advertising_works
          [nicolae_subvault_shop_adworks], shop, nicolae_shop_trees,
          nicolae_shop_trees, nicolae_square_shop
D:4:      layout_loops_ring, grunt_temple_overflow_open,
          nzn_wu_jian_council_hall, minmay_temple_entry_statues_fountains,
          serial_shops, shop, serial_bayou_pond_e, uniq_robin
Temple:   nicolae_temple_x_marks_the_god

Skill      XL: |  1  2  3  4  5  6 |
---------------+-------------------+-----
Axes           | 3 4 5 6 |  6.1
Fighting       | 4 |  4.7
Armour         | 4 |  4.9
Shields        | 4 |  4.2

Action                   |  1- 3 |  4- 6 || total
-------------------------+-------+-------++-------
Melee: War axe           |   130 |   194 ||   324
  Use: Potion            |     1 |       ||     1
Armor: Scale mail        |    96 |   114 ||   210
Dodge: Dodged            |    74 |    98 ||   172
Block: Buckler           |    29 |    45 ||    74

Table legend: (Time is in decaauts)
 A = Elapsed time spent in this place.
 B = Non-inter-level travel time spent in this place.
 C = Inter-level travel time spent in this place.
 D = Time resting spent in this place.
 E = Time spent auto-exploring this place.
 F = Levels seen in this place.
 G = Mean time per level.
                   A        B        C        D        E       F      G
               +--------+--------+--------+--------+--------+-----+--------+
         Total |   4053 |   3959 |     94 |    615 |   2564 |   5 |  810.6 |
       Dungeon |   3874 |   3789 |     85 |    615 |   2434 |   4 |  968.5 |
        Temple |    179 |    170 |      9 |      0 |    130 |   1 |  179.0 |
               +--------+--------+--------+--------+--------+-----+--------+

Top non-repeatable levels by time:
     D:1: 1306 daAuts
     D:3: 997 daAuts
     D:2: 966 daAuts
     D:4: 604 daAuts
  Temple: 179 daAuts
